 Dungeon Crawl Stone Soup version 0.29.0-11-gd7f09526c8 (webtiles) character file.

Game seed: 4931690901914749776

2164 ketsa the Caller (level 9, -2/45 HPs)
             Began as a Kobold Summoner on Sept 2, 2022.
             Succumbed to a killer bee's poison
             ... on level 6 of the Dungeon.
             The game lasted 00:28:14 (7978 turns).

ketsa the Caller (Kobold Summoner)                  Turns: 7978, Time: 00:28:15

Health: -2/45      AC: 11    Str:  5    XL:     9   Next: 57%
Magic:  14/19      EV: 15    Int: 20    God:
Gold:   272        SH:  0    Dex: 16    Spells: 13/22 levels left

rFire   . . .      SeeInvis .   r - +2 short sword (venom)
rCold   . . .      Faith    .   (no shield)
rNeg    . . .      Spirit   .   a - +0 robe
rPois   .          Reflect  .   y - +1 helmet
rElec   .          Harm     .   t - +1 cloak
rCorr   .          Rampage  .   p - +0 pair of gloves
Will    .....                   (no boots)
Stlth   ++++......              (no amulet)
HPRegen 0.15/turn               i - +4 ring of protection
MPRegen 0.16/turn               (no ring)

@: lethally poisoned (-2 -> -21), attractive, hasted, very quick
A: small, no large weapons, nightstalker 3
a: no special abilities


You were on level 6 of the Dungeon.
You visited 1 branch of the dungeon, and saw 7 of its levels.

You collected 272 gold pieces.

Inventory:

Hand Weapons
 g - a +0 dagger
 n - a +1 whip of electrocution
 r - a +2 short sword of venom (weapon)
Missiles
 q - 4 curare-tipped darts
Armour
 a - a +0 robe (worn)
 d - a +0 leather armour
 p - a +0 pair of gloves (worn)
 t - a +1 cloak (worn)
 y - a +1 helmet (worn)
Magical Staves
 E - a staff of death
Jewellery
 i - a +4 ring of protection (left hand)
 w - a ring of willpower
 B - a ring of see invisible
Scrolls
 f - 2 scrolls of poison {unknown}
 l - 2 scrolls of identify
 u - 3 scrolls of vulnerability {unknown}
 v - a scroll of enchant weapon {unknown}
 x - 2 scrolls of teleportation {unknown}
 C - 2 scrolls of acquirement {unknown}
 D - a scroll of brand weapon {unknown}
Potions
 b - a potion of magic
 c - a potion of berserk rage
 e - 5 potions of lignification
 h - 2 potions of flight
 j - a potion of mutation
 k - 2 potions of ambrosia
 m - a potion of resistance
 z - a potion of might {unknown}
 A - a potion of degeneration {unknown}
 F - a potion of heal wounds {unknown}


   Skills:
 - Level 5.0 Short Blades
 - Level 2.4 Dodging
 + Level 5.2 Stealth
 + Level 7.1 Spellcasting
 - Level 5.0 Hexes
 + Level 7.9 Summonings


You had 13 spell levels left.
You knew the following spells:

 Your Spells              Type           Power      Damage    Failure   Level
a - Summon Small Mammal   Summ           100%       N/A       1%          1
b - Call Imp              Summ           39%        N/A       1%          2
c - Call Canine Familiar  Summ           39%        N/A       1%          3
d - Summon Guardian Gole  Hex/Summ       33%        N/A       1%          3

Your spell library contained the following spells:

 Spells                   Type           Power      Damage    Failure   Level
 Ensorcelled Hibernation  Hex/Ice        34%        N/A       4%          2
 Freeze                   Ice            28%        1d5       10%         1
 Sting                    Tmut/Pois      28%        1d4       10%         1
 Portal Projectile        Hex/Tloc       34%        N/A       10%         3
 Blink                    Tloc           14%        N/A       14%         2
 Passwall                 Tmut/Erth      5%         N/A       14%         2
 Summon Lightning Spire   Summ/Air       23%        N/A       19%         4
 Ignite Poison            Fire/Tmut/Pois 7%         N/A       28%         3
 Lesser Beckoning         Tloc           7%         N/A       28%         3
 Swiftness                Air            7%         N/A       28%         3
 Leda's Liquefaction      Hex/Erth       8%         N/A       32%         4
 Olgreb's Toxic Radiance  Pois           7%         N/A       67%         4
 Manifold Assault         Tloc           7%         N/A       95%         5
 Storm Form               Tmut/Air       3%         N/A       100%        7


Dungeon Overview and Level Annotations

Branches:
Dungeon (7/15)
 Temple: D:4-7

Altars:
Cheibriados
Gozag
Kikubaaqudgha
Makhleb
Nemelex Xobeh
Okawaru
Wu Jian
The Shining One

Annotations:
D:6 exclusion: downstairs


Innate Abilities, Weirdness & Mutations

You are small and have problems with some larger weapons.
You are completely attuned to the shadows.


Message History

You climb upwards.
Level annotation: exclusion: downstairs Your hound disappears in a puff of smoke!
There is a stone staircase leading down here.
Casting: Call Imp (safe; 1% risk of failure)
Confirm with . or Enter, or press ? or * to list all spells.
The killer bee closely misses you. The killer bee stings you.
You are poisoned.
The killer bee poisons you! The killer bee stings you.
You are more poisoned.
The killer bee poisons you!
Casting: Call Canine Familiar (safe; 1% risk of failure)
Confirm with . or Enter, or press ? or * to list all spells.
A beastly little devil appears in a puff of flame.
You feel very sick. The killer bee misses you. The killer bee stings you.
You are more poisoned.
The killer bee poisons you!
Your hound closely misses the killer bee.
The killer bee stings you.
You are more poisoned.
The killer bee poisons you! The killer bee closely misses you.
You hit the killer bee.
The killer bee is poisoned.
The killer bee is lightly wounded.
You feel very sick.
Your hound bites the killer bee but does no damage.
The killer bee closely misses you. The killer bee stings you.
It was a potion of attraction.
You feel attractive to monsters.
* * * LOW HITPOINT WARNING * * *
You feel very sick.
The killer bee stings you but does no damage.
The killer bee misses you.
Your hound closely misses the killer bee.
Your crimson imp misses the killer bee.
The killer bee stings you!
* * * LOW HITPOINT WARNING * * *
The killer bee barely misses you.
Your hound closely misses the killer bee.
It was a potion of haste.
You feel yourself speed up.
You die...

######.....##.....#
#.# #####..#.....#
#.# ##.###'#.# #.#
#.###.#.# #.#
#..##.#.# #.#
##..#.#.# #.#####
##h#.5.# #......
#[yy### #######
###@# ###


You could see 2 killer bees, a friendly hound (summoned) and a friendly crimson
imp (summoned).

Vanquished Creatures
  2 black bears
  A phantom (D:5)
  6 scorpions (D:5)
  A killer bee (D:6)
  A howler monkey (D:4)
  A hound (D:5)
  4 iguanas (D:5)
  2 gnolls
  2 adders
  A shadow imp (D:6)
  A white imp (D:6)
  4 ufetubi
  2 worms
  11 orcs
  An endoplasm (D:4)
  A goblin (D:4)
  2 hobgoblins
  A jackal (D:2)
  2 quokkas (D:5)
  2 ball pythons
  A bat (D:3)
  A frilled lizard (D:1)
  A kobold (D:3)
51 creatures vanquished.

Vanquished Creatures (collateral kills)
  Grinder (D:5)
  2 water moccasins (D:5)
  An ice beast (D:6)
  2 black bears
  An ogre (D:5)
  A necrophage (D:5)
  An orc priest (D:5)
  A gnoll bouda (D:5)
  3 iguanas
  2 orc wizards
  7 gnolls
  4 adders
  A white imp (D:6)
  A worm (D:3)
  3 dart slugs
  11 orcs
  3 endoplasms
  A giant cockroach (D:3)
  3 goblins
  5 hobgoblins
  11 jackals
  3 kobolds
  4 quokkas
  4 ball pythons
  5 bats
  4 rats
85 creatures vanquished.

Vanquished Creatures (others)
  A gnoll (D:5)
1 creature vanquished.

Grand Total: 137 creatures vanquished

Notes
Turn   | Place    | Note
-------+----------+-------------------------------------------
     0 | D:1      | ketsa the Kobold Summoner began the quest for the Orb.
     0 | D:1      | Reached XP level 1. HP: 10/10 MP: 3/3
   466 | D:1      | Reached XP level 2. HP: 11/15 MP: 1/5
   469 | D:1      | Learned a level 2 spell: Call Imp
  1285 | D:2      | Reached XP level 3. HP: 19/19 MP: 0/7
  1636 | D:2      | Reached XP level 4. HP: 24/24 MP: 3/8
  1945 | D:2      | Reached XP level 5. HP: 8/28 MP: 7/10
  2225 | D:2      | Learned a level 3 spell: Call Canine Familiar
  2818 | D:3      | Reached skill level 5 in Summonings
  3147 | D:3      | You fall into a shaft and drop 1 floor!
  3336 | D:3      | Found a glowing golden altar of the Shining One.
  3493 | D:3      | Found a sparkling altar of Nemelex Xobeh.
  4038 | D:4      | Reached skill level 1 in Short Blades
  4051 | D:4      | Reached XP level 6. HP: 32/32 MP: 6/11
  4476 | D:4      | Noticed a black bear
  4483 | D:4      | Killed a black bear
  4577 | D:4      | Got the Omnibus of the Rank Blizzard
  4690 | D:5      | Entered Level 5 of the Dungeon
  4694 | D:5      | Noticed an ogre
  4711 | D:5      | Killed an ogre
  4712 | D:5      | Reached XP level 7. HP: 36/36 MP: 4/14
  4820 | D:5      | Found an ornate altar of the Wu Jian Council.
  4823 | D:5      | Found an opulent altar of Gozag.
  4863 | D:5      | Reached skill level 5 in Spellcasting
  4981 | D:5      | Found an ancient bone altar of Kikubaaqudgha.
  5225 | D:5      | Noticed a water moccasin
  5255 | D:5      | Killed a water moccasin
  5422 | D:5      | Reached XP level 8. HP: 41/41 MP: 12/16
  5474 | D:5      | Learned a level 3 spell: Summon Guardian Golem
  5529 | D:5      | Reached skill level 1 in Hexes
  5768 | D:5      | Noticed Grinder
  5797 | D:5      | Killed Grinder
  6046 | D:5      | Reached skill level 5 in Short Blades
  6046 | D:5      | Reached XP level 9. HP: 45/45 MP: 11/18
  6296 | D:5      | Found a burning altar of Makhleb.
  6319 | D:5      | Found a snail-covered altar of Cheibriados.
  7226 | D:6      | Found an iron altar of Okawaru.
  7428 | D:6      | Reached skill level 5 in Hexes
  7498 | D:6      | Reached skill level 5 in Stealth
  7978 | D:6      | Succumbed to a killer bee's poison

Illustrated notes

Levels and vault maps discovered:
D:1:      erik_arrival_blinker_ship, layout_basic, due_unseen_surprise
D:2:      layout_loops_ring
D:3:      layout_loops_ring, mainiacjoe_overflow_small_starburst,
          nicolae_overflow_crystal_walls, minivault_14
D:4:      layout_basic
D:5:      minmay_thinvault, layout_basic, overflow_temple_1_default,
          mainiacjoe_overflow_divided_tiny, mainiacjoe_overflow_big_doors,
          nrook_pool_corridor, uniq_grinder
D:6:      layout_basic, okawaru_altar_gauntlet_db
D:7:      layout_loops_corners, temple_hall, dk_noncrumbling_4,
          uniq_crazy_yiuf_cottage

Skill      XL: |  1  2  3  4  5  6  7  8  9 |
---------------+----------------------------+-----
Stealth        | 3 4 5 |  5.2
Spellcasting   | 3 4 5 6 7 |  7.1
Summonings     | 5 6 7 |  7.9
Short Blades   | 1 2 3 5 |  5.0
Hexes          | 3 5 |  5.0
Dodging        | |  2.4

Action                   |  1- 3 |  4- 6 |  7- 9 || total
-------------------------+-------+-------+-------++-------
Melee: Unarmed           |    40 |    58 |       ||    98
       Short sword       |       |    24 |   145 ||   169
       Punch             |       |     2 |     3 ||     5
 Cast: Summon Small Mamm |    16 |    14 |     8 ||    38
       Call Imp          |     9 |    16 |    17 ||    42
       Call Canine Famil |       |    15 |    29 ||    44
       Summon Guardian G |       |       |     3 ||     3
  Use: Scroll            |       |     4 |     3 ||     7
       Potion            |       |       |     2 ||     2
 Stab: Distracted        |       |     1 |     3 ||     4
       Sleeping          |       |     6 |    10 ||    16
Armor: Robe              |    14 |    30 |    49 ||    93
Dodge: Dodged            |    41 |   131 |   115 ||   287
